 Dungeon Crawl Stone Soup version 0.27.1-4-g1640c2035a (webtiles) character file.

Game seed: 15809496364915485097

58 sable the Skirmisher (level 3, -2/34 HPs)
             Began as a Minotaur Abyssal Knight on Nov 5, 2021.
             Was a Follower of Lugonu.
             Slain by a gnoll (11 damage)
             ... on level 2 of the Dungeon.
             The game lasted 00:19:22 (1656 turns).

sable the Skirmisher (Minotaur Abyssal Knight)      Turns: 1656, Time: 00:19:22

Health: -2/34      AC:  6    Str: 17    XL:     3   Next: 75%
Magic:  3/3        EV:  6    Int:  9    God:    Lugonu [*.....]
Gold:   78         SH:  7    Dex:  9    Spells: 2/2 levels left

rFire    + . .     SeeInvis .   a - +1 falchion
rCold    + . .     Faith    .   d - +0 kite shield
rNeg     . . .     Spirit   .   f - +0 scale mail
rPois    .         Reflect  .   (helmet restricted)
rElec    .         Harm     .   k - scarf {rC+ rF+}
rCorr    .         Rampage  .   (no gloves)
Will     .....                  (no boots)
Stlth    ..........             e - amulet of regeneration
HPRegen  1.11/turn              (no ring)
MPRegen  0.08/turn              (no ring)

@: no status effects
A: horns 2, retaliatory headbutt
a: Renounce Religion, Depart the Abyss


You were on level 2 of the Dungeon.
You worshipped Lugonu.
Lugonu was aware of your devotion.
You visited 1 branch of the dungeon, and saw 2 of its levels.
You visited the Abyss 1 time.

You collected 78 gold pieces.

Inventory:

Hand Weapons
 a - a +1 falchion (weapon)
Missiles
 j - 34 stones
Armour
 d - a +0 kite shield (worn)
 f - a +0 scale mail (worn)
 h - a +0 ring mail
 k - a scarf of resistance (worn)
Jewellery
 c - an amulet of faith
 e - an amulet of regeneration (around neck)
Scrolls
 g - a scroll of immolation
 l - a scroll of teleportation {unknown}
Potions
 b - a potion of cancellation {unknown}
 i - a potion of brilliance {unknown}


   Skills:
 + Level 4.4 Fighting
 + Level 3.8 Long Blades
 + Level 2.9 Armour
 + Level 1.2 Dodging
 + Level 0.2 Shields
 + Level 1.9 Invocations


You had 2 spell levels left.
You didn't know any spells.
Your spell library was empty.

Dungeon Overview and Level Annotations

Branches:
Dungeon (2/15)

Altars:


Innate Abilities, Weirdness & Mutations

You have a pair of horns on your head.
You reflexively headbutt those who attack you in melee.


Message History

The gnoll shouts!
You hear a shout! x2
A gnoll comes into view. It is wielding a +0 spear.
The gnoll moves out of view.
A gnoll comes into view. It is wielding a +0 halberd.
Found a scroll labelled BOC LAWNEJEAN.
The gnoll shouts!
The gnoll hits you from afar with a +0 halberd!
You see here a fizzy red potion.
The gnoll barely misses you.
You riposte.
You hit the gnoll but do no damage. You hit the gnoll.
The gnoll is lightly wounded.
The gnoll hits you but does no damage.
You hit the gnoll.
You headbutt the gnoll, but do no damage.
The gnoll is moderately wounded.
The gnoll hits you with a +0 halberd!
The gnoll hits you from afar with a +0 spear.
The gnoll hits you with a +0 halberd!
* * * LOW HITPOINT WARNING * * *
The gnoll hits you from afar with a +0 halberd.
* * * LOW HITPOINT WARNING * * *
You see here a fizzy red potion.
Non-targeted abil: Depart the Abyss
Press: ? - help, Q - select action, (/) - cycle Dir - look around, f - activate Look: a gnoll, wielding a +0 halberd (lightly wounded)
You aren't in the Abyss!
The gnoll hits you but does no damage.
You barely miss the gnoll.
The gnoll is lightly wounded.
The gnoll hits you with a +0 halberd.
* * * LOW HITPOINT WARNING * * *
You slash the gnoll! Your headbutt misses the gnoll.
The gnoll is severely wounded.
The gnoll hits you with a +0 halberd.
* * * LOW HITPOINT WARNING * * *
The gnoll hits you but does no damage.
You barely miss the gnoll.
The gnoll is severely wounded.
The gnoll hits you with a +0 halberd!
You die...

#..!.gb.....
#. #.
#..###...##.
#. #.
######..#
##.# #.
#.......# #.
#.####g## #.
#.# #g# #.
#.# #b# #.
#.# #g# ##
#.# #@# #.#
#.# #.#
#........
#.#
####...##
#.# .## #.#
# #.# #.#
#.#


You could see 3 gnolls and a bat.

Vanquished Creatures
  2 adders (D:2)
  A dart slug (D:1)
  4 ball pythons
  5 bats
  2 giant cockroaches
  3 goblins (D:1)
  5 hobgoblins
  2 jackals (D:2)
  A quokka (D:2)
  4 frilled lizards
  4 kobolds (D:1)
33 creatures vanquished.

Notes
Turn   | Place    | Note
-------+----------+-------------------------------------------
     0 | Abyss:1  | sable the Minotaur Abyssal Knight began the quest for the
                  | Orb.
     0 | Abyss:1  | Reached XP level 1. HP: 19/19 MP: 1/1
    62 | D:1      | Escaped the Abyss
   545 | D:1      | Reached skill level 4 in Fighting
   545 | D:1      | Reached XP level 2. HP: 27/27 MP: 2/2
   684 | D:1      | Found a faded altar of an unknown god.
  1224 | D:1      | Reached * piety under Lugonu
  1301 | D:2      | Reached XP level 3. HP: 30/33 MP: 3/3
  1643 | D:2      | HP: 1/34 [gnoll (3)]
  1656 | D:2      | Slain by a gnoll

Illustrated notes

Levels and vault maps discovered:
D:1:      dpeg_arrival_houses_and_road, layout_loops_corners,
          hellmonk_ecumenical_altar_blasted
D:2:      layout_loops_ring

Skill      XL: |  1  2 |
---------------+-------+-----
Fighting       | 4 |  4.4
Long Blades    | 3 |  3.8
Armour         | |  2.9
Dodging        | |  1.2
Shields        | |  0.2
Invocations    | |  1.9

Action                   || total
-------------------------++-------
Melee: Falchion          ||    95
       Headbutt          ||    16
Invok: Depart the Abyss  ||     1
  Use: Scroll            ||     1
Armor: Scale mail        ||    87
       Leather armour    ||     4
Dodge: Dodged            ||    27
Block: Kite shield       ||    44
       Rpst.: Falchion   ||     8
